 Dungeon Crawl Stone Soup version 0.28-a0-1638-g9123634e07 (webtiles) character file.

Game seed: 8648699996470390240

32 croobank the Firebug (level 3, 0/26 HPs)
             Began as a Draconian Fire Elementalist on Jan 25, 2022.
             Slain by Natasha (5 damage)
             ... on level 3 of the Dungeon.
             The game lasted 00:07:02 (1350 turns).

croobank the Firebug (Draconian Fire Elementalist)  Turns: 1350, Time: 00:07:02

Health: 0/26       AC:  5    Str: 10    XL:     3   Next: 10%
Magic:  3/6        EV: 12    Int: 17    God:
Gold:   66         SH:  0    Dex: 11    Spells: 5/6 levels left

rFire   . . .      SeeInvis .   (no weapon)
rCold   . . .      Faith    .   (no shield)
rNeg    . . .      Spirit   .   (armour unavailable)
rPois   .          Reflect  .   (helmet restricted)
rElec   .          Harm     .   (no cloak)
rCorr   .          Rampage  .   (no gloves)
Will    .....                   (no boots)
Stlth   ++........              (no amulet)
HPRegen 0.08/turn               (no ring)
MPRegen 0.10/turn               (no ring)

@: no status effects
A: AC +5, unfitting armour, cold-blooded
a: no special abilities


You were on level 3 of the Dungeon.
You visited 1 branch of the dungeon, and saw 3 of its levels.

You collected 66 gold pieces.

Inventory:

Missiles
 d - 47 stones
Scrolls
 a - a scroll of enchant weapon {unknown}
 b - 2 scrolls of teleportation {unknown}
 c - a scroll of vulnerability {unknown}
 e - a scroll of identify {unknown}


   Skills:
 + Level 2.1 Dodging
 + Level 2.2 Stealth
 + Level 2.3 Spellcasting
 + Level 1.5 Conjurations
 + Level 3.2 Fire Magic


You had 5 spell levels left.
You knew the following spells:

 Your Spells              Type           Power      Damage    Failure   Level
a - Foxfire               Conj/Fire      40%        2x1d6     7%          1

Your spell library contained the following spells:

 Spells                   Type           Power      Damage    Failure   Level
 Scorch                   Fire           26%        2d6       8%          2
 Conjure Flame            Conj/Fire      10%        6-21      21%         3
 Inner Flame              Hex/Fire       7%         N/A       28%         3
 Gell's Gravitas          Tloc           1%         N/A       50%         3
 Teleport Other           Tloc           1%         N/A       50%         3
 Flame Wave               Conj/Fire      10%        2d5       56%         4
 Dispersal                Tloc           0%         N/A       100%        6


Dungeon Overview and Level Annotations

Branches:
Dungeon (3/15)

Altars:

Annotations:
D:3 Natasha


Innate Abilities, Weirdness & Mutations

Your plain brown scales are hard. (AC +5)
You cannot fit into any form of body armour.
You are cold-blooded and may be slowed by cold attacks.


Message History

Natasha misses you. Natasha barely misses you.
You hit Natasha but do no damage.
Natasha is moderately wounded.
Natasha wildly gestures.
You feel troubled. Natasha claws you.
You closely miss Natasha.
Your tail-slap misses Natasha.
Natasha is moderately wounded.
Natasha misses you. The orc hits you but does no damage.
Natasha barely misses you.
You barely miss Natasha.
You tail-slap Natasha, but do no damage.
Natasha is moderately wounded.
The orc hits you with a +0 dagger. Natasha closely misses you.
You barely miss Natasha.
Natasha is moderately wounded.
Natasha howls an incantation.
You feel disoriented. Natasha claws you. The orc barely misses you.
Natasha claws you.
You barely miss Natasha.
Natasha is moderately wounded.
The orc barely misses you. Natasha barely misses you.
Casting: Foxfire (safe; 7% risk of failure)
Confirm with . or Enter, or press ? or * to list all spells.
You conjure some foxfire!
Natasha barely misses you. The orc hits you with a +0 dagger.
* * * LOW HITPOINT WARNING * * *
Natasha barely misses you.
You miss Natasha.
Natasha is moderately wounded.
The foxfire hits Natasha but does no damage.
Natasha is moderately wounded.
The foxfire hits Natasha.
Natasha is heavily wounded.
The orc barely misses you. Natasha claws you.
* * * LOW HITPOINT WARNING * * *
Casting: Foxfire (safe; 7% risk of failure)
Confirm with . or Enter, or press ? or * to list all spells.
You conjure some foxfire!
Natasha claws you.
You die...

#..........
♣###.........#
♣............#
.............#
#..(........##
.............#
#...vhv....♣
#..$.@o...♣
####.##.##♣ #.##.##♣
... #......♣
...#####.#..###
...........##
......##...#########.
......#..####<÷......
......#.## #.÷......


You could see Natasha (fast, ally target) and an orc.

Vanquished Creatures
  An adder (D:3)
  A worm (D:3)
  2 ball pythons (D:1)
  2 bats (D:1)
  A giant cockroach (D:1)
  6 goblins
  A hobgoblin (D:3)
  2 quokkas
  A frilled lizard (D:1)
17 creatures vanquished.

Vanquished Creatures (collateral kills)
  A foxfire (D:1)
1 creature vanquished.

Vanquished Creatures (others)
  48 foxfires
  11 plants
59 creatures vanquished.

Grand Total: 77 creatures vanquished

Notes
Turn   | Place    | Note
-------+----------+-------------------------------------------
     0 | D:1      | croobank the Draconian Fire Elementalist began the quest
                  | for the Orb.
     0 | D:1      | Reached XP level 1. HP: 14/14 MP: 3/3
   311 | D:1      | Reached XP level 2. HP: 20/20 MP: 1/5
   620 | D:1      | Found a faded altar of an unknown god.
  1265 | D:3      | Reached XP level 3. HP: 26/26 MP: 3/6
  1337 | D:3      | Noticed Natasha
  1350 | D:3      | Slain by Natasha

Illustrated notes

Levels and vault maps discovered:
D:1:      dpeg_arrival_signposts, layout_loops_cross, basic_ecumenical_altar,
          serial_park_tiny_1
D:2:      layout_basic, serial_bayou_lagoon_a, eino_tiny_chamber,
          minmay_pentomino_t4
D:3:      layout_rooms, serial_forest, infiniplex_forest_end_2,
          infiniplex_forest_straight_2, infiniplex_forest_end_2,
          infiniplex_forest_corner_1, infiniplex_forest_clump_long,
          infiniplex_forest_end_2, infiniplex_forest_clump_small,
          infiniplex_forest_clump_diagonal, gup_sewer_entry_bubbles,
          minivault_5, grunt_ministairs_14, uniq_natasha

Skill      XL: |  1  2 |
---------------+-------+-----
Stealth        | 2 |  2.2
Dodging        | 2 |  2.1
Spellcasting   | |  2.3
Conjurations   | |  1.5
Fire Magic     | |  3.2

Action                   || total
-------------------------++-------
Melee: Unarmed           ||    35
       Tailslap          ||     6
 Cast: Foxfire           ||    31
  Use: Potion            ||     1
Armor: Skin              ||    13
Dodge: Dodged            ||    43

Table legend: (Time is in decaauts)
 A = Elapsed time spent in this place.
 B = Non-inter-level travel time spent in this place.
 C = Inter-level travel time spent in this place.
 D = Time resting spent in this place.
 E = Time spent auto-exploring this place.
 F = Levels seen in this place.
 G = Mean time per level.
                   A        B        C        D        E       F      G
               +--------+--------+--------+--------+--------+-----+--------+
         Total |   1350 |   1299 |     51 |    292 |    843 |   3 |  450.0 |
       Dungeon |   1350 |   1299 |     51 |    292 |    843 |   3 |  450.0 |
               +--------+--------+--------+--------+--------+-----+--------+

Top non-repeatable levels by time:
     D:1: 880 daAuts
     D:3: 421 daAuts
     D:2: 48 daAuts
